 Dungeon Crawl Stone Soup version 0.27.1-1-g398f81649c (webtiles) character file.

Game seed: 5435645445928530368

6928 Descartes the Grappler (level 10, -7/88 HPs)
             Began as a Troll Delver on Sept 8, 2021.
             Mangled by a death yak (27 damage)
             ... on level 8 of the Dungeon.
             The game lasted 00:11:29 (6085 turns).

Descartes the Grappler (Troll Delver)               Turns: 6085, Time: 00:11:30

Health: -7/88      AC:  4    Str: 22    XL:     10   Next: 80%
Magic:  9/9        EV: 12    Int:  6    God:
Gold:   394        SH: 10    Dex: 14    Spells: 9/9 levels left

rFire    . . .     SeeInvis .     - Unarmed
rCold    . . .     Faith    .   j - +0 kite shield
rNeg     . . .     Spirit   .   a - +0 robe
rPois    .         Reflect  .   (helmet restricted)
rElec    .         Harm     .   (no cloak)
rCorr    .         Rampage  .   (gloves unavailable)
Will     .....                  (boots unavailable)
Stlth    ++........             (no amulet)
HPRegen  1.24/turn              (no ring)
MPRegen  0.11/turn              (no ring)

@: no status effects
A: large, unfitting armour, claws 3, regeneration 1, shaggy fur 1, tough skin 1
a: no special abilities


You were on level 8 of the Dungeon.
You visited 2 branches of the dungeon, and saw 10 of its levels.

You collected 394 gold pieces.

Inventory:

Missiles
 l - 7 large rocks (quivered)
 m - 13 boomerangs
 x - 11 poisoned darts
 C - 7 datura-tipped darts
Armour
 a - a +0 robe (worn)
 j - a +0 kite shield (worn)
Jewellery
 y - a ring of resist corrosion
Wands
 f - a wand of digging (3)
 z - a wand of paralysis (13)
 A - a wand of mindburst (22)
 B - a wand of acid (10)
Scrolls
 b - a scroll of fog
 c - 2 scrolls of magic mapping
 d - 2 scrolls of fear
 h - 6 scrolls of identify
 p - 2 scrolls of holy word {unknown}
 q - 4 scrolls of teleportation {unknown}
 s - 4 scrolls of noise {unknown}
 u - 2 scrolls of immolation {unknown}
 v - 3 scrolls of blinking {unknown}
Potions
 e - 5 potions of haste
 g - a potion of flight
 i - a potion of magic
 n - a potion of mutation {unknown}
 r - 3 potions of lignification
 t - a potion of curing {unknown}
 w - a potion of degeneration {unknown}


   Skills:
 - Level 2.4 Fighting
 + Level 7.3 Dodging
 - Level 2.7 Stealth
 + Level 6.4 Shields
 * Level 11.9 Unarmed Combat


You had 9 spell levels left.
You didn't know any spells.
Your spell library contained the following spells:

 Spells                   Type           Power      Damage    Failure   Level
 Animate Skeleton         Necr           0%         N/A       65%         1
 Pain                     Necr           0%         1d4       65%         1
 Frozen Ramparts          Ice            0%         1d2       95%         3
 Ozocubu's Armour         Ice            0%         N/A       95%         3
 Vampiric Draining        Necr           0%         2d6       95%         3
 Ice Form                 Ice/Tmut       0%         N/A       100%        4
 Summon Ice Beast         Ice/Summ       0%         N/A       100%        4
 Malign Gateway           Summ/Tloc      0%         N/A       100%        7
 Ozocubu's Refrigeration  Ice            0%         4d5       100%        7
 Summon Horrible Things   Summ           0%         N/A       100%        8


Dungeon Overview and Level Annotations

Branches:
Dungeon (9/15)             Temple (1/1) D:7
   Lair: D:8-11         Orc: D:9-12

Altars:
Ashenzari
Dithmenos
Elyvilon
Fedhas
Gozag
Hepliaklqana
Kikubaaqudgha
Makhleb
Qazlal
Ru
Trog
Uskayaw
Wu Jian
Yredelemnul
Zin
The Shining One

Shops:
D:4 (

Annotations:
D:5 2 runed translucent doors, Lonerover's ghost, novice MiFi


Innate Abilities, Weirdness & Mutations

You are too large for most types of armour.
You have claws for hands.
Your natural rate of healing is unusually fast.
You are covered in fur. (AC +1)
You have tough skin. (AC +1)


Message History

HP restored.
Partly explored, can't reach some places.
There is a stone staircase leading down, spattered with blood here.
You see here a death yak corpse.
You climb downwards.
The centaur shoots an arrow.
The arrow hits you!
The centaur shoots an arrow.
The arrow misses you. The death yak closely misses you.
There is a stone staircase leading up, spattered with blood here.
The death yak gores you!
The centaur shoots an arrow.
You block the arrow.
You climb upwards.
There is a stone staircase leading down, spattered with blood here.
You see here a death yak corpse.
You claw the death yak!
The death yak is moderately wounded.
The death yak gores you.
You claw the death yak!
The death yak is moderately wounded.
The death yak gores you!
You mangle the death yak!!
The death yak is heavily wounded.
The death yak misses you.
You scratch the death yak but do no damage.
The death yak is heavily wounded.
The death yak gores you!!
You barely miss the death yak.
The death yak is heavily wounded.
The death yak gores you!!
* * * LOW HITPOINT WARNING * * *
You scratch the death yak.
The death yak is severely wounded.
You claw the death yak!
The death yak is severely wounded.
You block the death yak's attack.
You barely miss the death yak.
The death yak is severely wounded.
The death yak closely misses you.
You claw the death yak!
The death yak is almost dead.
The death yak gores you!!
You die...

#.# #..........# #.#
#.#######.## #.# #.#
#.# ###[### #.# #.#
#.....# #.# #.#
#.....####.# #.#
##.....##...# #.# ##
#######......##.###
#.#
.###............@Y)#
#.#
......####.....###.#
#.# .###..#
##...####.# #.#
.###..#
##.......#########.#
......#
#.#####...........#
......######.#
#############
.≈≈≈.........#
.≈#≈≈≈≈....#.#
.≈≈≈≈#≈≈≈≈.#.#


You could see a death yak.

Vanquished Creatures
  4 death yaks
  A troll (D:9)
  Grinder (D:3)
  Sigmund (D:3)
  8 yaks
  A wyvern (D:7)
  An acid dragon (D:9)
  An ice beast (D:6)
  An orc warrior (D:9)
  A water moccasin (D:8)
  A black bear (D:7)
  A hornet zombie (D:7)
  3 necrophages
  A phantom (D:4)
  2 kobold brigands (D:9)
  4 bullfrogs
  4 scorpions
  2 water moccasin skeletons
  3 killer bees (D:7)
  3 wights
  An electric eel (D:8)
  4 howler monkeys
  2 lava snakes (D:8)
  A centaur skeleton (D:4)
  3 jellies
  2 hounds
  An orc priest (D:5)
  A scorpion zombie (D:5)
  3 orc wizards
  2 killer bee zombies
  A hound skeleton (D:5)
  A howler monkey zombie (D:5)
  7 adders
  2 white imps
  An adder skeleton (D:4)
  A worm (D:2)
  16 orcs
  3 endoplasms (D:3)
  3 giant cockroaches
  2 goblins
  8 hobgoblins
  2 jackals (D:3)
  3 quokkas
  7 ball pythons
  5 bats
  5 frilled lizards
  A jackal skeleton (D:4)
  13 kobolds
  5 rats
150 creatures vanquished.

Notes
Turn   | Place    | Note
-------+----------+-------------------------------------------
     0 | D:5      | Descartes the Troll Delver began the quest for the Orb.
     0 | D:5      | Reached XP level 1. HP: 22/22 MP: 0/0
     6 | D:5      | Noticed a howler monkey
    11 | D:5      | Noticed a scorpion
    14 | D:5      | Reached XP level 2. HP: 29/29 MP: 1/1
    23 | D:5      | Killed a howler monkey
    24 | D:5      | Reached skill level 3 in Unarmed Combat
    24 | D:5      | Reached XP level 3. HP: 32/36 MP: 2/2
    30 | D:5      | Killed a scorpion
    31 | D:5      | Reached skill level 4 in Unarmed Combat
    31 | D:5      | Reached XP level 4. HP: 44/44 MP: 3/3
    39 | D:5      | Reached XP level 5. HP: 50/50 MP: 4/4
    90 | D:5      | You fall into a shaft and drop 3 floors!
   185 | D:7      | Reached skill level 5 in Unarmed Combat
   187 | D:7      | Found a staircase to the Ecumenical Temple.
   197 | Temple   | Entered the Ecumenical Temple
   445 | D:6      | Noticed a sky beast
   507 | D:7      | Reached XP level 6. HP: 54/59 MP: 5/5
   640 | D:6      | Noticed a steam dragon
   666 | D:7      | Reached skill level 1 in Shields
   833 | D:3      | Noticed Sigmund
   858 | D:4      | Reached skill level 6 in Unarmed Combat
   858 | D:4      | Reached XP level 7. HP: 55/66 MP: 6/6
   927 | D:3      | Noticed Grinder
   932 | D:4      | Found Newuegeb's Weapon Shop.
  2258 | D:1      | Found a faded altar of an unknown god.
  2595 | D:3      | Killed Sigmund
  2596 | D:3      | Reached skill level 7 in Unarmed Combat
  2596 | D:3      | Reached XP level 8. HP: 38/74 MP: 7/7
  2899 | D:3      | Paralysed by Grinder for 3 turns
  2905 | D:3      | Killed Grinder
  2978 | D:3      | Found a shadowy altar of Dithmenos.
  3252 | D:5      | Reached skill level 8 in Unarmed Combat
  3431 | D:5      | Found a large runed translucent door.
  3436 | D:5      | Noticed Lonerover's ghost (novice MiFi)
  3547 | D:5      | Found a large runed translucent door.
  3773 | D:6      | Reached skill level 5 in Dodging
  4125 | D:7      | Reached skill level 9 in Unarmed Combat
  4125 | D:7      | Reached XP level 9. HP: 27/80 MP: 8/8
  4144 | D:7      | HP: 4/80 [hornet zombie (12)]
  4602 | D:8      | Reached skill level 10 in Unarmed Combat
  4775 | D:8      | Found a sacrificial altar of Ru.
  4832 | D:8      | Reached skill level 5 in Shields
  5111 | D:8      | Found a bloodstained altar of Trog.
  5228 | D:8      | Found an ornate altar of the Wu Jian Council.
  5480 | D:9      | Reached XP level 10. HP: 88/88 MP: 9/9
  5877 | D:9      | Noticed a death yak
  5878 | D:9      | Noticed a death yak
  5899 | D:9      | Noticed a death yak
  5901 | D:9      | Killed a death yak
  5902 | D:9      | Reached skill level 11 in Unarmed Combat
  5904 | D:9      | Noticed a death yak
  5906 | D:9      | Noticed a death yak
  5920 | D:9      | Killed a death yak
  5945 | D:8      | Killed a death yak
  5955 | D:8      | Killed a death yak
  6085 | D:8      | Mangled by a death yak

Illustrated notes

Levels and vault maps discovered:
D:1:      minmay_arrival_checkered_box, layout_loops_cross,
          shapermc_ecumenical_altar_venn, serial_forest,
          infiniplex_forest_straight_5, infiniplex_forest_clump_large,
          infiniplex_forest_lined_3, infiniplex_forest_corner_2,
          infiniplex_forest_end_2, infiniplex_forest_lined_room_3,
          infiniplex_forest_clump_medium, nrook_loot_triangle, nrook_uturn,
          minmay_close_crescents
D:2:      layout_rooms, interstate_on_off
D:3:      layout_rooms, mainiacjoe_overflow_alcove_1, uniq_grinder, uniq_sigmund
D:4:      layout_rooms, serial_shops, nicolae_shop_statue_plus,
          corexii_corridor_pit
D:5:      layout_loops_cross, ebering_ghost_disaster_area, grunt_ministairs_10,
          hangedman_decor_slide_cut
D:6:      layout_layer_cave, hangedman_glass_teeth, uniq_prince_ribbit1
D:7:      layout_loops_cross, minmay_temple_entry_sparse_star
D:8:      layout_loops_ring, lightli_temple_of_fire,
          mainiacjoe_overflow_big_doors, nicolae_lava_and_water,
          roderic_st_hans_cross, abandoned_shop
D:9:      layout_basic, nicolae_overflow_hidden_temple, dpeg_lair_monsters,
          grunt_ministairs_8, minmay_misc_feat_enclosed
Temple:   minmay_temple_bridge_abc

Skill      XL: |  1  2  3  4  5  6  7  8  9 10 |
---------------+-------------------------------+-----
Dodging        | 2 3 4 5 6 7 |  7.3
Unarmed Combat | 3 4 5 6 7 9 10 11 | 11.9
Shields        | 1 2 4 5 6 |  6.4
Fighting       | |  2.4
Stealth        | |  2.7

Action                   |  1- 3 |  4- 6 |  7- 9 | 10-12 || total
-------------------------+-------+-------+-------+-------++-------
Melee: Unarmed           |    24 |    67 |   338 |    89 ||   518
       Punch             |       |     2 |     5 |       ||     7
  Use: Potion            |       |       |     4 |     3 ||     7
       Scroll            |       |       |       |     3 ||     3
 Stab: Distracted        |     1 |       |       |       ||     1
       Sleeping          |       |       |     9 |       ||     9
Armor: Robe              |     4 |    15 |    69 |    14 ||   102
       Skin              |       |       |    44 |       ||    44
Dodge: Dodged            |    11 |    21 |   123 |    30 ||   185
Block: Kite shield       |       |       |   126 |    32 ||   158
